 Dungeon Crawl Stone Soup version 0.22.1-6-g1668fe2c40 (webtiles) character file.

67 Kohma the Ruffian (level 4, -2/36 HPs)
             Began as a Draconian Transmuter on Jan 24, 2019.
             Slain by a gnoll
             ... wielding a cursed -2 flail
              (5 damage)
             ... on level 2 of the Dungeon.
             The game lasted 00:04:31 (1365 turns).

Kohma the Ruffian (Draconian Transmuter)            Turns: 1365, Time: 00:04:31

Health: -2/36      AC:  7    Str: 13    XL:     4   Next: 0%
Magic:  1/7        EV: 12    Int: 14    God:
Gold:   45         SH:  0    Dex: 11    Spells: 5/8 levels left

rFire    . . .     SeeInvis .     - Unarmed
rCold    . . .     Gourm    .   (no shield)
rNeg     . . .     Faith    .   (armour unavailable)
rPois    .         Spirit   .   (helmet restricted)
rElec    .         Reflect  .   (no cloak)
rCorr    .         Harm     .   (no gloves)
MR       .....                  g - +1 pair of boots
Stlth    +.........             (no amulet)
HPRegen  0.12/turn              (no ring)
MPRegen  0.10/turn              (no ring)

@: appendage
A: unfitting armour, horns 2, cold-blooded, AC +5
a: End Transformation


You were on level 2 of the Dungeon.
You were not hungry.
You had grown temporary horns.
You visited 1 branch of the dungeon, and saw 2 of its levels.

You collected 45 gold pieces.

Inventory:

Missiles
 a - 56 arrows
Armour
 g - a +1 pair of boots (worn)
 j - a +0 leather armour
Scrolls
 b - a scroll of immolation {unknown}
 e - 2 scrolls of identify {unknown}
 k - a scroll of remove curse {unknown}
Potions
 d - a potion of brilliance {unknown}
 f - a potion of lignification {unknown}
 i - a potion of resistance {unknown}
Comestibles
 c - 4 rations
 h - a chunk of flesh


   Skills:
 + Level 2.0 Fighting
 - Level 1.7 Dodging
 + Level 3.4 Unarmed Combat
 + Level 2.5 Spellcasting
 * Level 3.1 Transmutations


You had 5 spell levels left.
You knew the following spells:

 Your Spells              Type           Power        Failure   Level  Hunger
a - Beastly Appendage     Tmut           ##....       6%          1    #......
b - Sticks to Snakes      Tmut           ##......     10%         2    ###....

Your spell library contained the following spells:

 Spells                   Type           Power        Failure   Level  Hunger
 Spider Form              Tmut/Pois      #.........   34%         3    ###....
 Ice Form                 Ice/Tmut       #.......     75%         4    #####..
 Blade Hands              Tmut           ##........   86%         5    ######.


Dungeon Overview and Level Annotations

Branches:
Dungeon (2/15)

Altars:
Makhleb


Innate Abilities, Weirdness & Mutations

Your plain brown scales are hard. (AC +5)
You cannot fit into any form of body armour.
You are cold-blooded and may be slowed by cold attacks.
You have a pair of horns on your head.


Message History

The gnoll closely misses you.
You punch the gnoll!
You kill the gnoll!
You have reached level 4!
You feel stronger.
Your horns disappear.
You hit the gnoll but do no damage. The gnoll barely misses you.
You barely miss the gnoll. The gnoll hits you with a flail!
* * * LOW HITPOINT WARNING * * *
Casting: Beastly Appendage (safe; 6% risk of failure)
Confirm with . or Enter, or press ? or * to list all spells.
You grow a pair of large bovine horns.
You barely miss the gnoll. The gnoll closely misses you.
You barely miss the gnoll. The gnoll hits you with a flail!
* * * LOW HITPOINT WARNING * * *
You closely miss the gnoll. The gnoll closely misses you.
You hit the gnoll.
The gnoll is heavily wounded.
The gnoll hits you with a flail.
You die...

#.....###
###._...>#
..#...##.#
#.##..##.#
#.##.###.#
###.##.# #.#
#......# #.####
.#########.#.####
#.##..
......g@...#.#
#.##[#
.####.######.#
#.##.# # #.#
#.##.# #.#
##.##.#
#.#####.....#
#.#..........
......(.....>
#######.....#
#.....#


You could see a gnoll.

Vanquished Creatures
  2 gnolls (D:2)
  An adder (D:2)
  A dart slug (D:1)
  2 leopard geckos (D:1)
  A giant cockroach (D:2)
  3 goblins (D:1)
  2 hobgoblins (D:1)
  6 kobolds
  2 ball pythons
  6 bats (D:1)
  3 frilled lizards
  4 rats
33 creatures vanquished.

Vanquished Creatures (collateral kills)
  A gnoll (D:2)
1 creature vanquished.

Grand Total: 34 creatures vanquished

Notes
Turn   | Place    | Note
-------+----------+-------------------------------------------
     0 | D:1      | Kohma the Draconian Transmuter began the quest for the Orb.
     0 | D:1      | Reached XP level 1. HP: 16/16 MP: 3/3
    65 | D:1      | Reached XP level 2. HP: 23/23 MP: 3/5
    89 | D:1      | Learned a level 2 spell: Sticks to Snakes
  1228 | D:2      | Reached XP level 3. HP: 28/29 MP: 4/6
  1290 | D:2      | Found a burning altar of Makhleb.
  1358 | D:2      | Reached XP level 4. HP: 18/36 MP: 1/7
  1365 | D:2      | Slain by a gnoll

Skill      XL: |  1  2  3 |
---------------+----------+-----
Fighting       | 2 |  2.0
Transmutations | 3 |  3.1
Dodging        | |  1.7
Unarmed Combat | |  3.4
Spellcasting   | |  2.5

Action                   |  1- 3 |  4- 6 || total
-------------------------+-------+-------++-------
Melee: Unarmed           |   127 |     6 ||   133
       Kick              |     2 |       ||     2
       Tailslap          |    11 |       ||    11
       Headbutt          |     4 |       ||     4
 Cast: Beastly Appendage |     4 |     1 ||     5
       Sticks to Snakes  |     3 |       ||     3
 Stab: Sleeping          |     2 |       ||     2
  Eat: Ration            |     1 |       ||     1
Armor: Skin              |    54 |       ||    54
Dodge: Dodged            |   106 |     3 ||   109
